 Dungeon Crawl Stone Soup version 0.32-a0-12-g7fc57aa741 (webtiles) character file.

Game seed: 6508795898416716547

450 Bapho the Changeling (level 6, -8/40 HPs)
             Began as a Draconian Shapeshifter on Jan 14, 2024.
             Mangled by a gnoll
             ... wielding a +4 flail
              (12 damage)
             ... on level 4 of the Dungeon.
             The game lasted 00:07:33 (3789 turns).

Bapho the Changeling (Draconian Shapeshifter)       Turns: 3789, Time: 00:07:33

Health: -8/40      AC:  6    Str: 18    XL:     6   Next: 74%
Magic:  6/6        EV: 16    Int: 11    God:
Gold:   230        SH:  0    Dex: 10    Spells: 5/5 levels left

rFire   . .          .
                       - Unarmed
rCold   . . .        (shield currently unavailable)
rNeg    . . .        (body armour unavailable)
rPois   .            (helmet restricted)
rElec   .            (no cloak)
rCorr   .            (no gloves)
SInv    .            (no boots)
Will    .....        (no amulet)
Stlth   +            (no ring)
HPRegen 0.26/turn    (no ring)
MPRegen 0.10/turn

%: no passive effects
@: mighty, flux-form, glowing
A: glow, contaminating, reduced hp, AC +6, unfitting armour, cold-blooded
a: Begin Untransformation


You were on level 4 of the Dungeon.
You were something dangerously unstable.
You visited 1 branch of the dungeon, and saw 5 of its levels.

You collected 230 gold pieces.

Inventory:

Hand Weapons
 n - the +2 falchion of the Original Sin {drain, Fly Int+2}
   (You found it on level 3 of the Dungeon)

   Int+2:     It affects your intelligence (+2).
   Fly:       It grants you flight.
Missiles
 d - 36 stones (quivered)
 l - 9 poisoned darts
Armour
 u - a scarf of harm
Talismans
 b - a beast talisman
 c - a flux talisman (active)
 s - a serpent talisman
Wands
 p - a wand of mindburst (11)
Scrolls
 e - 4 scrolls of teleportation
 g - a scroll of immolation {unknown}
 h - 2 scrolls of noise
 i - a scroll of torment {unknown}
 j - a scroll of amnesia {unknown}
 m - a scroll of revelation {unknown}
 o - a scroll of fear {unknown}
 q - a scroll of brand weapon {unknown}
 r - a scroll of enchant weapon {unknown}
 t - a scroll of blinking {unknown}
Potions
 a - a potion of lignification
 f - a potion of brilliance
 v - a potion of resistance {unknown}


   Skills:
 - Level 1.1 Fighting
 - Level 1.7 Dodging
 - Level 5.5 Unarmed Combat
 + Level 5.7 Shapeshifting


You had 5 spell levels left.
You didn't know any spells.
Your spell library contained the following spells:

 Spells                   Type           Power      Damage    Failure   Level
 Blink                    Tloc           0%         N/A       47%         2
 Call Imp                 Summ           0%         N/A       47%         2
 Lesser Beckoning         Tloc           0%         N/A       47%         2
 Momentum Strike          Conj/Tloc      0%         3d8       47%         2
 Sublimation of Blood     Necr           0%         N/A       47%         2
 Gell's Gravitas          Tloc           0%         N/A       71%         3
 Teleport Other           Tloc           0%         N/A       71%         3
 Summon Hydra             Summ           0%         N/A       100%        7


Dungeon Overview and Level Annotations

Branches:
Dungeon (5/15)
 Temple: D:4-7

Altars:

Annotations:
D:5 Sigmund


Innate Abilities, Weirdness & Mutations

You are something dangerously unstable.
You glow with magical radiation, making you easy to see and hit.
Foes you strike become dangerously contaminated with magical radiation.
Your maximum health is decreased, since you lack skill for your form.
You are incapable of wielding weapons or throwing items.
Your plain brown scales are hard. (AC +6)
You cannot fit into any form of body armour.
You are cold-blooded and may be slowed by cold attacks.


Message History

You add the spells Call Imp, Sublimation of Blood and Summon Hydra to your library.
A gnoll comes into view. It is wielding a +4 flail.
The gnoll shouts!
You hear a shout! x2
The gnoll moves out of view.
A gnoll comes into view. It is wielding a +0 whip.
A gnoll is nearby!
A gnoll comes into view. It is wielding a +0 halberd.
Found 12 gold pieces.
Sigmund the Dreaded comes into view.
He is wielding a +0 scythe.
Sigmund shouts!
The gnoll misses you. The gnoll barely misses you.
The gnoll attacks as it pursues you!
The gnoll hits you from afar with a +0 halberd!
A gnoll comes into view. It is wielding a +0 spear.
The gnoll attacks as it pursues you! The gnoll hits you with a +4 flail!
The gnoll attacks as it pursues you!
The gnoll hits you from afar with a +0 spear.
An orc comes into view. It is wielding a +0 war axe.
The orc shouts!
You hear a shout!
The gnoll attacks as it pursues you! The gnoll hits you with a +4 flail.
* * * LOW HITPOINT WARNING * * *
The orc moves out of view.
A howler monkey comes into view.
The howler monkey howls!
You hear a shout!
The gnoll attacks as it pursues you! The gnoll closely misses you.
An orc comes into view. It is wielding a +0 dagger.
The orc shouts!
There is a stone staircase leading up here.
The gnoll barely misses you.
You climb upwards.
There is a stone staircase leading down here.
You closely miss the gnoll. The gnoll hits you with a +4 flail.
* * * LOW HITPOINT WARNING * * *
You hit the gnoll.
The gnoll begins to glow.
The gnoll is lightly wounded.
The gnoll hits you with a +4 flail!
* * * LOW HITPOINT WARNING * * *
You feel very mighty all of a sudden. The gnoll hits you with a +4 flail!
You die...

#.# #.# #.############.#
#..............#
#..............#
#..>...........#
#..............######
#......[.............
########...................
#.........p................
#.########g................
#.# #.##########......
######'########.######
#......
#.............#.##...#
#######
#.............#.##...#
#.............#.##<..#
#[....).......#......#####
#.............####...#...#


You could see a gnoll (contam).

Vanquished Creatures
  2 scorpions (D:4)
  A howler monkey (D:4)
  An orc priest (D:4)
  Natasha (thrice) (D:3)
  An iguana (D:2)
  4 gnolls (D:3)
  4 adders (D:2)
  2 dart slugs
  2 ribbon worms
  2 orcs (D:4)
  6 ball pythons
  6 bats
  11 endoplasms
  2 giant cockroaches
  9 goblins
  5 hobgoblins
  7 jackals (D:1)
  5 kobolds
  4 quokkas
  3 frilled lizards
  3 rats
83 creatures vanquished.

Notes
Turn   | Place    | Note
-------+----------+-------------------------------------------
     0 | D:1      | Bapho the Draconian Shapeshifter began the quest for the
                  | Orb.
     0 | D:1      | Reached XP level 1. HP: 16/16 MP: 1/1
    61 | D:1      | Reached XP level 2. HP: 20/23 MP: 2/2
   472 | D:1      | Reached XP level 3. HP: 18/28 MP: 3/3
  1062 | D:2      | Reached XP level 4. HP: 16/35 MP: 4/4
  1595 | D:2      | Found a faded altar of an unknown god.
  1886 | D:3      | Identified the +2 falchion of the Original Sin {drain, Fly
                  | Int+2}
  2148 | D:3      | Reached XP level 5. HP: 29/40 MP: 5/5
  2349 | D:3      | Noticed Natasha
  2366 | D:3      | Killed Natasha
  2543 | D:3      | Noticed Natasha
  2548 | D:3      | Killed Natasha
  2549 | D:3      | Reached skill level 5 in Unarmed Combat
  2841 | D:3      | Noticed Natasha
  2852 | D:3      | Killed Natasha
  2874 | D:4      | Identified the +1 quarterstaff of the Shoals {speed, MP+9
                  | Str+3}
  2961 | D:4      | Reached skill level 5 in Shapeshifting
  2961 | D:4      | Reached XP level 6. HP: 17/47 MP: 6/6
  3743 | D:5      | Entered Level 5 of the Dungeon
  3772 | D:5      | Noticed Sigmund
  3789 | D:4      | Mangled by a gnoll

Illustrated notes

Levels and vault maps discovered:
D:1:      dpeg_arrival_ternary, layout_loops_corners, st_stairs_1
D:2:      layout_loops_ring, shapermc_ecumenical_altar_totnotflames,
          nicolae_half_adder
D:3:      layout_loops_ring, minmay_misc_feat_x, uniq_natasha
D:4:      layout_basic
D:5:      layout_basic, minmay_statues_item, uniq_sigmund

Skill      XL: |  1  2  3  4  5 |
---------------+----------------+-----
Unarmed Combat | 4 5 |  5.5
Shapeshifting  | 4 5 |  5.7
Fighting       | |  1.1
Dodging        | |  1.7

Action                     |  1- 3 |  4- 6 || total
---------------------------+-------+-------++-------
  Melee: Unarmed           |   111 |   161 ||   272
         Tailslap          |    13 |    19 ||    32
    Use: Scroll            |       |     6 ||     6
         Potion            |       |     2 ||     2
 Armour: Skin              |    39 |    61 ||   100
  Dodge: Dodged            |    88 |   109 ||   197
   Form: Flux              |     1 |     1 ||     2
         Serpent           |       |     1 ||     1

Table legend: (Time is in decaauts)
 A = Elapsed time spent in this place.
 B = Non-inter-level travel time spent in this place.
 C = Inter-level travel time spent in this place.
 D = Time resting spent in this place.
 E = Time spent auto-exploring this place.
 F = Levels seen in this place.
 G = Mean time per level.
                   A        B        C        D        E       F      G
               +--------+--------+--------+--------+--------+-----+--------+
         Total |   3773 |   3460 |    313 |    275 |   2591 |   5 |  754.6 |
       Dungeon |   3773 |   3460 |    313 |    275 |   2591 |   5 |  754.6 |
               +--------+--------+--------+--------+--------+-----+--------+

Top non-repeatable levels by time:
     D:3: 1094 daAuts
     D:1: 934 daAuts
     D:4: 872 daAuts
     D:2: 830 daAuts
     D:5: 42 daAuts
